 Dungeon Sprint DCSS version 0.29-a0-512-gf59ac788ac (webtiles) character file.

Game seed: 8915406207062141301

3197 mhtbhm the Grappler (level 9, -4/79 HPs)
             Began as a Troll Transmuter on May 30, 2022.
             Was an Initiate of Gozag.
             Slain by a lindwurm (18 damage)
             ... in the Dungeon (Sprint I: "Red Sonja").
             The game lasted 00:03:07 (846 turns).

mhtbhm the Grappler (Troll Transmuter)               Turns: 846, Time: 00:03:08

Health: -4/79      AC:  4    Str: 22    XL:     9   Next: 64%
Magic:  16/17      EV: 12    Int: 11    God:    Gozag
Gold:   711        SH:  0    Dex: 12    Spells: 11/21 levels left

rFire   + . .      SeeInvis .     - Unarmed
rCold   + + .      Faith    .   (no shield)
rNeg    . . .      Spirit   .   a - +0 robe
rPois   +          Reflect  .   (helmet currently unavailable)
rElec   +          Harm     .   (no cloak)
rCorr   +          Rampage  .   (gloves unavailable)
Will    .....      NoTele   +   (boots unavailable)
Stlth   ++........              (no amulet)
HPRegen 1.03/turn               k - ring "Deid" {rPois rC+ Dex+2}
MPRegen 0.15/turn               (no ring)

@: mighty, brilliant, appendages, resistant, wereblooded, hasted, very quick
A: horns 2, talons 2, large, unfitting armour, claws 3, regeneration 1, shaggy
fur 1, tough skin 1
a: End Transformation, Renounce Religion, Potion Petition, Call Merchant, Bribe
Branch


You were in the Dungeon.
You worshipped Gozag.
Gozag was pleased with you.
You had temporarily grown beastly horns and talons.
You visited 1 branch You collected 1945 gold pieces.
You spent 534 gold pieces at shops.
You paid 700 gold pieces to Gozag.

Inventory:

Missiles
 i - a curare-tipped dart (quivered)
Armour
 a - a +0 robe (worn)
Jewellery
 k - the ring "Deid" (left claw) {rPois rC+ Dex+2}
   (You bought it in a shop in the Dungeon)

   [ring of poison resistance]

   Dex:       It affects your dexterity (+2).
   rC:        It protects you from cold.
   rPois:     It protects you from poison.
Wands
 c - a wand of polymorph (4)
 g - a wand of iceblast (4)
Scrolls
 e - a scroll of identify {unknown}
 h - a scroll of blinking
Potions
 b - 2 potions of lignification
 f - 2 potions of magic
 j - 2 potions of curing
 l - a potion of cancellation {unknown}


   Skills:
 + Level 2.2 Fighting
 + Level 1.8 Throwing
 + Level 6.1 Dodging
 + Level 1.2 Stealth
 + Level 14.6 Unarmed Combat
 + Level 6.6 Spellcasting
 + Level 8.1 Transmutations
 + Level 2.1 Ice Magic
 + Level 2.8 Evocations


You had 11 spell levels left.
You knew the following spells:

 Your Spells              Type           Power      Damage    Failure   Level
a - Beastly Appendage     Tmut           64%        N/A       1%          1
b - Wereblood             Tmut           32%        N/A       1%          2
c - Spider Form           Tmut/Pois      18%        N/A       11%         3
d - Ice Form              Ice/Tmut       22%        N/A       22%         4

Your spell library contained the following spells:

 Spells                   Type           Power      Damage    Failure   Level
 Shock                    Conj/Air       20%        1d4       19%         1
 Swiftness                Air            5%         N/A       50%         3
 Airstrike                Air            2%         N/A       88%         4


Dungeon Overview and Level Annotations

Branches:
Dungeon (1/1)

Altars:
Cheibriados
Dithmenos
Elyvilon
Fedhas
Gozag
Hepliaklqana
Kikubaaqudgha
Makhleb
Nemelex Xobeh
Okawaru
Qazlal
Ru
Sif Muna
Trog
Uskayaw
Vehumet
Wu Jian
Xom
Yredelemnul
Zin
The Shining One
Jiyva
Lugonu

Shops:
D =([


Innate Abilities, Weirdness & Mutations

You have temporarily grown beastly horns and talons.
You are too large for most types of armour.
You have claws for hands.
Your natural rate of healing is unusually fast.
You are covered in fur. (AC +1)
You have tough skin. (AC +1)


Message History

You see here 27 gold pieces.
The helpless lindwurm fails to defend itself.
You scratch the lindwurm. Your headbutt misses the lindwurm.
The lindwurm is lightly wounded.
The lindwurm closely misses you. The lindwurm claws you. x2
You barely miss the lindwurm. You claw the lindwurm!
The lindwurm is moderately wounded.
The lindwurm bites you! The lindwurm claws you. The lindwurm claws you!
You scratch the lindwurm.
You claw the lindwurm, but do no damage.
The lindwurm is heavily wounded.
The lindwurm breathes flames at you. The blast of flame hits you!!
You barely miss the lindwurm. You claw the lindwurm!
You headbutt the lindwurm, but do no damage.
The lindwurm is heavily wounded.
You claw the lindwurm!
You claw the lindwurm, but do no damage.
The lindwurm is severely wounded.
The lindwurm bites you!
* * * LOW HITPOINT WARNING * * *
The lindwurm claws you but does no damage.
The lindwurm barely misses you.
You feel much better. The lindwurm bites you!
* * * LOW HITPOINT WARNING * * *
The lindwurm claws you!
* * * LOW HITPOINT WARNING * * *
The lindwurm claws you.
* * * LOW HITPOINT WARNING * * *
Unknown command. [a] - 364 gold - haste and brilliance [b] - 308 gold - haste and brilliance [c] - 700 gold - might, brilliance, resistance and haste Purchase which effect?
You no longer have enough gold to fund merchants seeking to open stores in the dungeon.
You feel very mighty all of a sudden.
You feel clever all of a sudden.
You feel protected.
You feel yourself speed up. The lindwurm bites you!!
You die...
Your body crumbles into a pile of gold.

###################
#__#..'...#..#§§@k+
$ $
'..'..#)..##'#§####
$ $
#__####...).§#§# $
#### #####§§§.# $ $
# $$##+#### $ $$$ +
#...○☼# $ $ #
$$#..○○.+ $$$ $
##+### ###○○○# $
#[...### $#...# $


You could see a lindwurm (catching breath).

Vanquished Creatures
  A deep troll (D)
  A gargoyle (D)
  4 demonic crawlers (D)
  2 kobold demonologists (D)
  A hornet (D)
  A slime creature (D)
  Sigmund (D)
  A yak (D)
  A floating eye (D)
  An ogre (D)
  A jelly (D)
  Ijyb (D)
16 creatures vanquished.

Vanquished Creatures (others)
  2 ballistomycete spores (D)
2 creatures vanquished.

Grand Total: 18 creatures vanquished

Notes
Turn   | Place    | Note
-------+----------+-------------------------------------------
     0 | D        | mhtbhm the Troll Transmuter began the quest for the Orb.
     0 | D        | Reached XP level 1. HP: 18/18 MP: 1/1
     3 | D        | Noticed Ijyb
   121 | D        | Killed Ijyb
   122 | D        | Reached skill level 5 in Unarmed Combat
   122 | D        | Reached XP level 2. HP: 26/26 MP: 0/4
   170 | D        | Learned a level 2 spell: Wereblood
   172 | D        | Noticed an ogre
   175 | D        | Killed an ogre
   176 | D        | Reached skill level 6 in Unarmed Combat
   176 | D        | Reached XP level 3. HP: 19/32 MP: 1/6
   176 | D        | Reached XP level 4. HP: 23/40 MP: 1/7
   179 | D        | Noticed Sigmund
   183 | D        | Killed Sigmund
   184 | D        | Reached skill level 9 in Unarmed Combat
   184 | D        | Reached XP level 5. HP: 38/46 MP: 2/9
   192 | D        | Found a burning altar of Makhleb.
   192 | D        | Found a viscous altar of Jiyva.
   192 | D        | Found a shimmering altar of Xom.
   192 | D        | Found a corrupted altar of Lugonu.
   192 | D        | Noticed a slime creature
   202 | D        | Killed a slime creature
   203 | D        | Reached skill level 10 in Unarmed Combat
   203 | D        | Reached XP level 6. HP: 24/54 MP: 3/11
   293 | D        | Learned a level 3 spell: Spider Form
   298 | D        | Learned a level 4 spell: Ice Form
   300 | D        | Found an ornate altar of the Wu Jian Council.
   300 | D        | Found a shimmering blue altar of Sif Muna.
   302 | D        | Found a radiant altar of Vehumet.
   309 | D        | Found Sets's Antique Weapon Emporium.
   309 | D        | Found an ancient bone altar of Kikubaaqudgha.
   309 | D        | Found a hazy altar of Hepliaklqana.
   309 | D        | Found a stormy altar of Qazlal.
   309 | D        | Found a hide-covered altar of Uskayaw.
   309 | D        | Found a blossoming altar of Fedhas.
   309 | D        | Found a bloodstained altar of Trog.
   309 | D        | Found an iron altar of Okawaru.
   309 | D        | Found a basalt altar of Yredelemnul.
   309 | D        | Found a glowing golden altar of the Shining One.
   309 | D        | Found a snail-covered altar of Cheibriados.
   309 | D        | Found a sacrificial altar of Ru.
   309 | D        | Found a glowing silver altar of Zin.
   309 | D        | Found a shadowy altar of Dithmenos.
   309 | D        | Found a white marble altar of Elyvilon.
   309 | D        | Noticed a yak
   310 | D        | Killed a yak
   311 | D        | Reached skill level 11 in Unarmed Combat
   311 | D        | Reached skill level 5 in Transmutations
   311 | D        | Reached XP level 7. HP: 61/61 MP: 6/12
   311 | D        | Found an opulent altar of Gozag.
   312 | D        | Found a sparkling altar of Nemelex Xobeh.
   319 | D        | Became a worshipper of Gozag Ym Sagoz the Greedy
   364 | D        | Noticed Sonja
   368 | D        | Noticed Sonja
   368 | D        | Sonja changed into Sonja the hornet
   370 | D        | Killed Sonja the hornet
   371 | D        | Reached skill level 5 in Dodging
   371 | D        | Reached skill level 1 in Ice Magic
   371 | D        | Reached skill level 1 in Evocations
   439 | D        | Found Vomoz's Jewellery Boutique.
   506 | D        | Bought the ring "Deid" {rPois rC+ Dex+2} for 534 gold
                  | pieces
   519 | D        | Noticed a deep troll
   529 | D        | Killed a deep troll
   530 | D        | Reached skill level 12 in Unarmed Combat
   530 | D        | Reached skill level 5 in Spellcasting
   530 | D        | Reached XP level 8. HP: 68/68 MP: 12/15
   544 | D        | Found Xecrepoi's Armour Emporium.
   593 | D        | Noticed a kobold demonologist
   594 | D        | Noticed a kobold demonologist
   595 | D        | Noticed a smoke demon
   599 | D        | Noticed a rust devil
   599 | D        | Killed a kobold demonologist
   600 | D        | Reached skill level 1 in Fighting
   600 | D        | Reached skill level 1 in Throwing
   600 | D        | Reached skill level 13 in Unarmed Combat
   602 | D        | Killed a kobold demonologist
   609 | D        | Noticed a demonic crawler
   609 | D        | Noticed a demonic crawler
   609 | D        | Noticed a demonic crawler
   609 | D        | Noticed a demonic crawler
   614 | D        | Killed a demonic crawler
   615 | D        | Reached XP level 9. HP: 42/76 MP: 11/17
   618 | D        | Killed a demonic crawler
   618 | D        | Noticed a gargoyle
   619 | D        | Reached skill level 1 in Stealth
   623 | D        | Killed a demonic crawler
   624 | D        | Reached skill level 14 in Unarmed Combat
   624 | D        | Killed a gargoyle
   628 | D        | Killed a demonic crawler
   838 | D        | Noticed a lindwurm
   846 | D        | Slain by a lindwurm

Illustrated notes

Levels and vault maps discovered:
D:        dungeon_sprint_1 [red_sonja_temple_1, red_sonja_temple_small_1]

Skill      XL: |  1  2  3  4  5  6  7  8  9 |
---------------+----------------------------+-----
Dodging        | 2 3 4 5 6 |  6.1
Unarmed Combat | 5 6 9 10 11 12 13 14 | 14.6
Spellcasting   | 2 3 4 5 6 |  6.6
Transmutations | 2 3 4 5 6 7 8 |  8.1
Ice Magic      | 1 2 |  2.1
Evocations     | 1 2 |  2.8
Fighting       | 1 2 |  2.2
Throwing       | 1 |  1.8
Stealth        | 1 |  1.2

Action                   |  1- 3 |  4- 6 |  7- 9 || total
-------------------------+-------+-------+-------++-------
Melee: Unarmed           |     4 |    12 |    35 ||    51
       Kick              |     2 |       |     4 ||     6
       Headbutt          |       |     2 |     2 ||     4
       Punch             |       |       |     1 ||     1
Throw: Dart              |       |       |     3 ||     3
 Cast: Beastly Appendage |     2 |     1 |     2 ||     5
       Wereblood         |     1 |     1 |     3 ||     5
       Ice Form          |       |     1 |     3 ||     4
Invok: Potion Petition   |       |       |     1 ||     1
Evoke: Wand              |     1 |     1 |     4 ||     6
  Use: Potion            |     1 |     1 |     2 ||     4
 Stab: Sleeping          |       |       |     1 ||     1
Armor: Robe              |       |     1 |     1 ||     2
       Skin              |       |       |     9 ||     9
Dodge: Dodged            |       |     5 |    17 ||    22

Table legend: (Time is in decaauts)
 A = Elapsed time spent in this place.
 B = Non-inter-level travel time spent in this place.
 C = Inter-level travel time spent in this place.
 D = Time resting spent in this place.
 E = Time spent auto-exploring this place.
 F = Levels seen in this place.
 G = Mean time per level.
                   A        B        C        D        E       F      G
               +--------+--------+--------+--------+--------+-----+--------+
         Total |    825 |    825 |      0 |    380 |      0 |   1 |  825.0 |
       Dungeon |    825 |    825 |      0 |    380 |      0 |   1 |  825.0 |
               +--------+--------+--------+--------+--------+-----+--------+

Top non-repeatable levels by time:
       D: 825 daAuts
